cohdb
Replays
Latest Replays
All Replays
Popular Replays
Top Player Replays
Match Explorer
How It Works
Community
CoH3 Stats
Reddit
Sign in to upload your games and track your stats! →
Sign in with Steam
Match 19776507
Unlisted
Match 19776507
Overview
Messages
Build Orders
End
Selects Italian Coastal Battlegroup
Selects Italian Coastal Battlegroup
Selects Coastal Reserves
Coastal Reserve
Construct Infanterie Kompanie
MG 42 Machine Gun Team
Coastal Reserve
Construct Panzergrenadier Kompanie
Selects Artillery Officer
Artillery Officer
Panzergrenadier Squad
Medical Bunker
Panzergrenadier Squad
Medical Station
Construct Panzer Kompanie
Selects Obice da 210/22 Artillery Emplacement
Selects Support Bunkers
Panzer IV Medium Tank
Medical Bunker
Pak 40 Anti-tank Gun Team
Apóca
MonoChrome
mystery19901
Ziynnnnnn
0
0
Comments
sign in to comment!
No comments posted yet!